PAAA
MILTON DOGFISH HEAD @ GRYFINDOR BRAVES
08/07/2029
 
TOP OF THE 1ST
Milton Dogfish Head batting - Pitching for Gryfindor Braves : RHP Fred Gunther
Pitching: RHP Fred Gunther
Batting: RHB Miguel Montoya 0-0: Ball
1-0: Foul Ball, location: 2F
1-1: Ground out 6-3 (Groundball, 6)
Batting: LHB Floyd Long 0-0: Foul Ball, location: 2F
0-1: Foul Ball, location: 2F
0-2: Ball
1-2: Ball
2-2: Ball
3-2: Base on Balls
Batting: LHB Víctor Robledo 0-0: Foul Ball, location: 2F
0-1: Ball
1-1: Ball
2-1: Ball
3-1: Base on Balls
Floyd Long to second
Batting: RHB Paco Muñóz 0-0: Ball
1-0: Ball
2-0: Ball
3-0: Base on Balls
Floyd Long to third
Víctor Robledo to second
Batting: LHB Jon Baxter 0-0: Called Strike
0-1: Ball
1-1: Ball
2-1: Ball
3-1: Called Strike
3-2: Fielders Choice at 2nd, 3-6 (Groundball, 34)
Floyd Long scores
Víctor Robledo to third
Batting: RHB Luis Alomar 0-0: Swinging Strike
0-1: Ball
1-1: SINGLE (Flyball, 7LS)
Víctor Robledo scores
Jon Baxter to second
Batting: RHB Miguel Uribe 0-0: Ball
1-0: Foul Ball, location: 2F
1-1: Called Strike
1-2: Foul Ball, location: 2F
1-2: Strikes out looking
Top of the 1st over - 2 runs, 1 hit, 0 errors, 2 left on base; Milton 2 - Gryfindor 0
BOTTOM OF THE 1ST
Gryfindor Braves batting - Pitching for Milton Dogfish Head : RHP Ipe Talboom
Pitching: RHP Ipe Talboom
Batting: RHB Ernesto Souza 0-0: Ball
1-0: Ball
2-0: Called Strike
2-1: Fly out, F4 (Popup, 34S)
Batting: RHB Roy Herring 0-0: Ball
1-0: Called Strike
1-1: Swinging Strike
1-2: Ball
2-2: Reached via error on a dropped throw, E1
Batting: LHB Micheal Garren 0-0: Foul Ball, location: 2F
0-1: Ball
1-1: SINGLE (Groundball, 4S) (infield hit)
Roy Herring to second
Batting: RHB Paul Penrice 0-0: Foul Ball, location: 2F
0-1: Ball
1-1: Called Strike
1-2: Ball
2-2: SINGLE (Flyball, 8RS)
Roy Herring to third
Micheal Garren to second
Batting: LHB Ignacio Medine 0-0: Ball
1-0: DOUBLE (Flyball, 8RXD)
Roy Herring scores
Micheal Garren scores
Paul Penrice to third
Batting: RHB Gonzalo Ángel 0-0: Ball
1-0: Ground out 4-3 (Groundball, 34)
Paul Penrice scores
Ignacio Medine to third
Batting: RHB Jeff Green 0-0: Ball
1-0: Ball
2-0: Ball
3-0: Base on Balls
Batting: LHB Ken Watanabe 0-0: Called Strike
0-1: Fly out, F7 (Flyball, 7S)
Bottom of the 1st over - 3 runs, 3 hits, 1 error, 2 left on base; Milton 2 - Gryfindor 3
TOP OF THE 2ND
Milton Dogfish Head batting - Pitching for Gryfindor Braves : RHP Fred Gunther
Batting: LHB Edward Woodstock 0-0: Ball
1-0: Ball
2-0: Ball
3-0: Base on Balls
Batting: SHB Enrique Costello 0-0: Foul Ball, location: 2F
0-1: Ball
1-1: Ball
2-1: Ball
3-1: Foul Ball, location: 2F
3-2: Strikes out swinging
Batting: RHB Miguel Montoya 0-0: Called Strike
0-1: Ball
1-1: Ball
2-1: Called Strike
2-2: Strikes out swinging
Batting: LHB Floyd Long 0-0: Ball
Edward Woodstock steals 2nd base
1-0: Foul Ball, location: 2F
1-1: Fly out, F7 (Flyball, 7D)
Top of the 2nd over - 0 runs, 0 hits, 0 errors, 1 left on base; Milton 2 - Gryfindor 3
BOTTOM OF THE 2ND
Gryfindor Braves batting - Pitching for Milton Dogfish Head : RHP Ipe Talboom
Batting: RHB Rafael Durango 0-0: Swinging Strike
0-1: Ground out 6-3 (Groundball, 56)
Batting: RHB Ernesto Souza 0-0: Ground out 6-3 (Groundball, 6)
Batting: RHB Roy Herring 0-0: Called Strike
0-1: SINGLE (Line Drive, 56D)
Batting: LHB Micheal Garren 0-0: Called Strike
0-1: SINGLE (Groundball, 4D)
Roy Herring to second
Runner from 2nd tries for 3rd, OUT!
Bottom of the 2nd over - 0 runs, 2 hits, 0 errors, 1 left on base; Milton 2 - Gryfindor 3
TOP OF THE 3RD
Milton Dogfish Head batting - Pitching for Gryfindor Braves : RHP Fred Gunther
Batting: LHB Víctor Robledo 0-0: Ground out U3 (Groundball, 3)
Batting: RHB Paco Muñóz 0-0: Foul Ball, location: 2F
0-1: Ball
1-1: Called Strike
1-2: Ground out 4-3 (Groundball, 4)
Batting: LHB Jon Baxter 0-0: Ball
1-0: Ball
2-0: Called Strike
2-1: Swinging Strike
2-2: Strikes out swinging
Top of the 3rd over - 0 runs, 0 hits, 0 errors, 0 left on base; Milton 2 - Gryfindor 3
BOTTOM OF THE 3RD
Gryfindor Braves batting - Pitching for Milton Dogfish Head : RHP Ipe Talboom
Batting: RHB Paul Penrice 0-0: Ball
1-0: Called Strike
1-1: Ball
2-1: Called Strike
2-2: Strikes out swinging
Batting: LHB Ignacio Medine 0-0: Ball
1-0: Ball
2-0: Ball
3-0: Ground out 4-3 (Groundball, 34D)
Batting: RHB Gonzalo Ángel 0-0: Ball
1-0: Ball
2-0: Called Strike
2-1: Foul Ball, location: 2F
2-2: Foul Ball, location: 2F
2-2: Strikes out swinging
Bottom of the 3rd over - 0 runs, 0 hits, 0 errors, 0 left on base; Milton 2 - Gryfindor 3
TOP OF THE 4TH
Milton Dogfish Head batting - Pitching for Gryfindor Braves : RHP Fred Gunther
Batting: RHB Luis Alomar 0-0: Called Strike
0-1: Ball
1-1: Foul Ball, location: 2F
1-2: Ball
2-2: Ball
3-2: Foul Ball, location: 2F
3-2: Foul Ball, location: 2F
3-2: Foul Ball, location: 2F
3-2: Foul Ball, location: 2F
3-2: Base on Balls
Batting: RHB Miguel Uribe 0-0: Called Strike
0-1: Fielders Choice at 2nd, 4-6 (Groundball, 4)
Batting: LHB Edward Woodstock 0-0: Ground out 4-3 (Groundball, 4S)
Miguel Uribe to second
Batting: SHB Enrique Costello 0-0: Fly out, F8 (Flyball, 89M)
Top of the 4th over - 0 runs, 0 hits, 0 errors, 1 left on base; Milton 2 - Gryfindor 3
BOTTOM OF THE 4TH
Gryfindor Braves batting - Pitching for Milton Dogfish Head : RHP Ipe Talboom
Batting: RHB Jeff Green 0-0: Swinging Strike
0-1: Swinging Strike
0-2: Ball
1-2: Foul Ball, location: 2F
1-2: Reached on error, E3 (Groundball, 34)
Batting: LHB Ken Watanabe 0-0: Swinging Strike
0-1: Swinging Strike
0-2: Foul Ball, location: 2F
0-2: Foul Ball, location: 2F
0-2: Foul Ball, location: 2F
0-2: Strikes out swinging
Batting: RHB Rafael Durango 0-0: Swinging Strike
0-1: Ball
1-1: Called Strike
1-2: Ground out 2-3 (Groundball, 15S)
Jeff Green to second
Batting: RHB Ernesto Souza 0-0: Ground out 5-3 (Groundball, 56)
Bottom of the 4th over - 0 runs, 0 hits, 1 error, 1 left on base; Milton 2 - Gryfindor 3
TOP OF THE 5TH
Milton Dogfish Head batting - Pitching for Gryfindor Braves : RHP Fred Gunther
Batting: RHB Miguel Montoya 0-0: Ball
1-0: Ball
2-0: Ground out 5-3 (Groundball, 56)
Batting: LHB Floyd Long 0-0: Called Strike
0-1: Called Strike
0-2: Strikes out swinging
Batting: LHB Víctor Robledo 0-0: Ball
1-0: Foul Ball, location: 2F
1-1: Foul Ball, location: 2F
1-2: Ball
2-2: Ground out 6-3 (Groundball, 6)
Top of the 5th over - 0 runs, 0 hits, 0 errors, 0 left on base; Milton 2 - Gryfindor 3
BOTTOM OF THE 5TH
Gryfindor Braves batting - Pitching for Milton Dogfish Head : RHP Ipe Talboom
Batting: RHB Roy Herring 0-0: Ball
1-0: Ball
2-0: Swinging Strike
2-1: Called Strike
2-2: Ball
3-2: Ground out 5-3 (Groundball, 56S)
Batting: LHB Micheal Garren 0-0: Swinging Strike
0-1: Foul Ball, location: 2F
0-2: Ball
1-2: Foul Ball, location: 2F
1-2: Ball
2-2: Foul Ball, location: 2F
2-2: Strikes out swinging
Batting: RHB Paul Penrice 0-0: Ball
1-0: Called Strike
1-1: Fly out, F6 (Line Drive, 6)
Bottom of the 5th over - 0 runs, 0 hits, 0 errors, 0 left on base; Milton 2 - Gryfindor 3
TOP OF THE 6TH
Milton Dogfish Head batting - Pitching for Gryfindor Braves : RHP Fred Gunther
Batting: RHB Paco Muñóz 0-0: Ball
1-0: Called Strike
1-1: Ball
2-1: Called Strike
2-2: Ball
3-2: Base on Balls
Batting: LHB Jon Baxter 0-0: Foul Ball, location: 2F
0-1: Grounds into double play, 6-4-3 (Groundball, 6)
Batting: RHB Luis Alomar 0-0: Swinging Strike
0-1: Foul Ball, location: 2F
0-2: Strikes out swinging
Top of the 6th over - 0 runs, 0 hits, 0 errors, 0 left on base; Milton 2 - Gryfindor 3
BOTTOM OF THE 6TH
Gryfindor Braves batting - Pitching for Milton Dogfish Head : RHP Ipe Talboom
Batting: LHB Ignacio Medine 0-0: Swinging Strike
0-1: Ball
1-1: Foul Ball, location: 2F
1-2: Ball
2-2: Strikes out swinging
Batting: RHB Gonzalo Ángel 0-0: Ball
1-0: Called Strike
1-1: SINGLE (Flyball, 7S)
Batting: RHB Jeff Green 0-0: Swinging Strike
0-1: Called Strike
0-2: Strikes out looking
Batting: LHB Ken Watanabe 0-0: Ball
1-0: Ball
2-0: Called Strike
2-1: Ball
3-1: Fielders Choice at 2nd, 5-4 (Groundball, 56)
Bottom of the 6th over - 0 runs, 1 hit, 0 errors, 1 left on base; Milton 2 - Gryfindor 3
TOP OF THE 7TH
Milton Dogfish Head batting - Pitching for Gryfindor Braves : RHP Fred Gunther
Batting: RHB Miguel Uribe 0-0: Ball
1-0: Ball
2-0: Fly out, F9 (Flyball, 9)
Batting: LHB Edward Woodstock 0-0: Foul Ball, location: 2F
0-1: Ball
1-1: Foul Ball, location: 2F
1-2: Foul Ball, location: 2F
1-2: Ball
2-2: Fly out, F7 (Flyball, 7S)
Batting: SHB Enrique Costello 0-0: Ball
1-0: Foul Ball, location: 2F
1-1: Foul Ball, location: 2F
1-2: Strikes out swinging
Top of the 7th over - 0 runs, 0 hits, 0 errors, 0 left on base; Milton 2 - Gryfindor 3
BOTTOM OF THE 7TH
Gryfindor Braves batting - Pitching for Milton Dogfish Head : RHP Ipe Talboom
Batting: RHB Rafael Durango 0-0: Foul Ball, location: 2F
0-1: Ball
1-1: Called Strike
1-2: Ground out 6-3 (Groundball, 6)
Pitching: RHP José Luján
Batting: RHB Ernesto Souza 0-0: Ball
1-0: Foul Ball, location: 2F
1-1: Foul Ball, location: 2F
1-2: Fly out, F7 (Flyball, 7D)
Batting: RHB Roy Herring 0-0: Foul Ball, location: 2F
0-1: Ball
1-1: Ball
2-1: Ball
3-1: Fly out, F7 (Flyball, 78M)
Bottom of the 7th over - 0 runs, 0 hits, 0 errors, 0 left on base; Milton 2 - Gryfindor 3
TOP OF THE 8TH
Milton Dogfish Head batting - Pitching for Gryfindor Braves : RHP Fred Gunther
Pitching: LHP Bradley Roth
Batting: RHB Miguel Montoya 0-0: Ball
1-0: Ball
2-0: Ball
3-0: Base on Balls
Pinch Hitting: RHB Rich Flannery 0-0: Called Strike
0-1: Sac Bunt - play at first, batter OUT! 1-3
Miguel Montoya to second
Batting: LHB Víctor Robledo 0-0: Ball
1-0: Called Strike
1-1: Ball
2-1: Swinging Strike
2-2: Strikes out swinging
Batting: RHB Paco Muñóz 0-0: Swinging Strike
0-1: Fly out, F8 (Flyball, 8RM)
Top of the 8th over - 0 runs, 0 hits, 0 errors, 1 left on base; Milton 2 - Gryfindor 3
BOTTOM OF THE 8TH
Gryfindor Braves batting - Pitching for Milton Dogfish Head : RHP José Luján
Now at 1B: Rich Flannery
Batting: LHB Micheal Garren 0-0: Swinging Strike
0-1: Ball
1-1: Called Strike
1-2: Ground out 3-1 (Groundball, 34S)
Batting: RHB Paul Penrice 0-0: Swinging Strike
0-1: Ground out 6-3 (Groundball, 6)
Batting: LHB Ignacio Medine 0-0: Called Strike
0-1: Ball
1-1: Ball
2-1: Ball
3-1: Ground out 4-3 (Groundball, 4)
Bottom of the 8th over - 0 runs, 0 hits, 0 errors, 0 left on base; Milton 2 - Gryfindor 3
TOP OF THE 9TH
Milton Dogfish Head batting - Pitching for Gryfindor Braves : LHP Bradley Roth
Pitching: RHP Marcos Oquendo
Now at C: Félix Cruz
Batting: LHB Jon Baxter 0-0: Ball
1-0: Ball
2-0: Ground out 4-3 (Groundball, 4)
Pinch Hitting: SHB Alejandro Castillo 0-0: Ball
1-0: Swinging Strike
1-1: Ball
2-1: Foul Ball, location: 2F
2-2: Foul Ball, location: 2F
2-2: Strikes out swinging
Batting: RHB Miguel Uribe 0-0: Ball
1-0: Fly out, F8 (Flyball, 78D)
Top of the 9th over - 0 runs, 0 hits, 0 errors, 0 left on base; Milton 2 - Gryfindor 3
Tuesday, December 19th, 2017 - OOTP Baseball 18.8 Build 76